 Dungeon Crawl Stone Soup version 0.20-a0-277-g7db01f4 (webtiles) character file.

275 FitzyFitz the Digger (level 6, 0/32 HPs)
             Began as a Deep Elf Earth Elementalist on Dec 11, 2016.
             Was a Follower of Cheibriados.
             Slain by an orc
             ... wielding a +0 hand axe
              (4 damage)
             ... on level 4 of the Dungeon.
             The game lasted 00:13:07 (5041 turns).

FitzyFitz the Digger (Deep Elf Earth Elementalist)  Turns: 5041, Time: 00:13:08

Health: 0/32       AC:  2    Str:  7    XL:     6   Next: 3%
Magic:  10/21      EV: 13    Int: 24    God:    Cheibriados [*.....]
Gold:   166        SH:  0    Dex: 17    Spells: 3/11 levels left

rFire  . . .     SeeInvis .     a - +0 dagger
rCold  . . .     Gourm    .     c - +0 robe
rNeg   . . .     Faith    .     (no shield)
rPois  .         Spirit   .     (no helmet)
rElec  .         Reflect  .     (no cloak)
rCorr  .         Harm     .     (no gloves)
MR     .....                    (no boots)
Stlth  ++........               (no amulet)
                                (no ring)
                                v - ring of magical power

@: very slightly contaminated, very slow
A: no striking features
a: Bend Time, Renounce Religion


You were on level 4 of the Dungeon.
You worshipped Cheibriados.
Cheibriados was aware of your devotion.
You were not hungry.

You visited 1 branch of the dungeon, and saw 4 of its levels.

You collected 166 gold pieces.

Inventory:

Hand Weapons
 a - a +0 dagger (weapon)
 b - a +0 short sword
 f - a +0 hunting sling of freezing
 p - a +0 short sword
 q - a cursed -1 trident
 r - a +0 hand axe
Missiles
 g - 80 arrows
 k - 161 stones (quivered)
 m - 35 sling bullets
 o - 25 poisoned needles
Armour
 c - a +0 robe (worn)
 u - a +0 shield
Jewellery
 v - a ring of magical power (left hand)
Scrolls
 i - 2 scrolls of fear {unknown}
 l - a scroll of enchant armour {unknown}
 n - 2 scrolls of identify {unknown}
 t - 4 scrolls of amnesia {unknown}
 w - 2 scrolls of remove curse {unknown}
 y - a scroll of immolation {unknown}
 C - a scroll of teleportation {unknown}
 F - a scroll of random uselessness {unknown}
Potions
 h - a potion of heal wounds {unknown}
 j - a potion of cancellation {unknown}
 x - a potion of haste {unknown}
 B - a potion of flight {unknown}
 D - a potion of magic {unknown}
Books
 e - a book of Geomancy

   Spells                             Type                      Level
   a - Sandblast                      Earth                        1
   b - Passwall                       Transmutation/Earth          2
   c - Stone Arrow                    Conjuration/Earth            3
   d - Petrify                        Transmutation/Earth          4
   e - Lee's Rapid Deconstruction     Earth                        5
Comestibles
 d - 4 bread rations
 s - a beef jerky
 z - 3 chunks of flesh
 A - a meat ration
 E - a royal jelly


   Skills:
 - Level 2.4 Dodging
 - Level 2.4 Stealth
 - Level 3.0 Spellcasting
 + Level 3.1 Transmutations
 + Level 6.8 Earth Magic


You had 3 spell levels left.
You knew the following spells:

 Your Spells              Type           Power        Failure   Level  Hunger
a - Sandblast             Erth           #####.       1%          1    None
b - Stone Arrow           Conj/Erth      ###...       10%         3    ###....
c - Petrify               Tmut/Erth      ####....     17%         4    ####...


Dungeon Overview and Level Annotations

Branches:
Dungeon (4/15)
 Temple: D:4-7

Altars:
Ashenzari
Cheibriados
Gozag
Trog
Vehumet

Annotations:
D:3 arazyal's ghost, amateur VSSk


Message History

You puncture the orc priest!
You kill the orc priest!
Your Transmutations skill increases to level 3!
You have reached level 6!
Your experience leads to an increase in your attributes!
Your base attributes are Str 5, Int 21, Dex 15.
Increase (S)trength, (I)ntelligence, or (D)exterity?
You feel clever. The orc hits you with a club.
The orc hits you but does no damage.
Casting: Petrify
Confirm with . or Enter, or press ? or * to list all spells.
Aiming: Petrify
Press: ? - help, Shift-Dir - straight line, f - orc wizard
Aim: an orc wizard, wielding a dagger and wearing a robe (fast, chance to defeat MR: 56%)
The orc wizard is moving more slowly.
The orc wizard gestures at you while chanting.
The magic dart hits you!
* * * LOW HITPOINT WARNING * * *
The orc misses you. The orc hits you with a hand axe.
You die...

.......... ..........%...
.....ow....... ..
#........=.... .?.
##............. ....#..o.
......... ......o)#
#........ #...o@###(.......
..... #..#...##).......
..... ##..#.........[...
.... ##...#.............
.... ................... ...
#. #.#..#.............. #.##
#.##.#......[..........
...###....#...#............#
.<...........##..#.>.##...##


You could see a worm, an orc wizard (petrifying) and 3 orcs.

Vanquished Creatures
  An orc priest (D:4)
  3 worker ants (D:4)
  A howler monkey skeleton (D:4)
  4 adders
  2 oozes
  7 worms
  4 dart slugs
  4 leopard geckos
  6 orcs
  11 bats
  4 giant cockroaches
  7 goblins
  7 hobgoblins
  3 jackals (D:1)
  4 quokkas
  4 frilled lizards
  6 kobolds
  12 rats
90 creatures vanquished.

Notes
Turn   | Place    | Note
-------+----------+-------------------------------------------
     0 | D:1      | FitzyFitz the Deep Elf Earth Elementalist began the quest for the Orb.
     0 | D:1      | Reached XP level 1. HP: 10/10 MP: 6/6
   135 | D:1      | Reached skill level 4 in Earth Magic
   135 | D:1      | Reached XP level 2. HP: 15/15 MP: 4/8
   815 | D:1      | Reached XP level 3. HP: 19/19 MP: 7/9
  1402 | D:2      | Learned a level 3 spell: Stone Arrow
  1747 | D:2      | Reached skill level 5 in Earth Magic
  1806 | D:2      | Noticed a moth of wrath
  1809 | D:2      | Found a bloodstained altar of Trog.
  2371 | D:2      | Reached XP level 4. HP: 15/24 MP: 8/10
  3109 | D:2      | Learned a level 4 spell: Petrify
  3123 | D:2      | Found a radiant altar of Vehumet.
  3126 | D:2      | Found an opulent altar of Gozag.
  3126 | D:2      | Found a snail-covered altar of Cheibriados.
  3148 | D:2      | Became a worshipper of Cheibriados the Contemplative
  3829 | D:3      | Reached skill level 6 in Earth Magic
  3888 | D:3      | Noticed arazyal's ghost (amateur VSSk)
  3924 | D:3      | Reached XP level 5. HP: 28/28 MP: 11/11
  3937 | D:3      | Reached * piety under Cheibriados
  4218 | D:3      | Found a shattered altar of Ashenzari.
  5040 | D:4      | Reached XP level 6. HP: 13/32 MP: 12/12
  5041 | D:4      | Slain by an orc

Vault maps used:
D:1:      dpeg_arrival_long_road, minmay_small_reverse_x
D:2:      grunt_temple_overflow_diamond, tgw_trog
D:3:      nicolae_overflow_hidden_temple, chequers_big_river
D:4:      uniq_pikel

Skill      XL: |  1  2  3  4  5 |
---------------+----------------+-----
Earth Magic    | 4 5 6 |  6.8
Transmutations | 3 |  3.1
Dodging        | |  2.4
Stealth        | |  2.4
Spellcasting   | |  3.0

Action                   |  1- 3 |  4- 6 || total
-------------------------+-------+-------++-------
Melee: Dagger            |    49 |    91 ||   140
       Short sword       |    11 |       ||    11
       Unarmed           |     3 |       ||     3
 Cast: Sandblast         |    71 |    62 ||   133
       Petrify           |       |    12 ||    12
 Stab: Sleeping          |     2 |     2 ||     4
       Distracted        |     1 |       ||     1
       Petrified         |       |    19 ||    19
       Petrifying        |       |     5 ||     5
  Eat: Chunk             |     4 |     9 ||    13
Armor: Robe              |    24 |    11 ||    35
Dodge: Dodged            |    60 |    83 ||   143
